 Dungeon Sprint DCSS version 0.20-a0-1088-gd50b1d5 (webtiles) character file.

430 JiminyCricket the Severer (level 6, -3/51 HPs)
             Began as a Minotaur Berserker on May 3, 2017.
             Was a Believer of Trog.
             Slain by Sonja
             ... wielding a +2 short sword of draining
              (9 damage)
             ... in the Dungeon (Sprint I: "Red Sonja").
             The game lasted 00:02:56 (320 turns).

JiminyCricket the Severer (Minotaur Berserker)       Turns: 320, Time: 00:02:56

Health: -3/51      AC:  4    Str: 24    XL:     6   Next: 66%
Magic:  5/5        EV: 12    Int:  4    God:    Trog [**....]
Gold:   111        SH:  0    Dex: 12    Spells: 5/5 levels left

rFire    . . .     SeeInvis .   a - +0 hand axe
rCold    . . .     Gourm    .   (no shield)
rNeg     . . .     Faith    .   b - +0 animal skin
rPois    .         Spirit   .   (helmet restricted)
rElec    .         Reflect  .   (no cloak)
rCorr    .         Harm     .   l - +1 pair of gloves {Dex+3}
MR       .....     NoTele   +   (no boots)
Stlth    +.........             (no amulet)
Regen    0.2/turn               (no ring)
MPRegen  0.1/turn               (no ring)

@: lethally poisoned (-3 -> -29), slowed, drained, very slow
A: retaliatory headbutt, horns 2
a: Berserk, Trog's Hand, Burn Spellbooks, Renounce Religion


You were in the Dungeon.
You worshipped Trog.
Trog was pleased with you.
You were not hungry.

You visited 1 branch You collected 313 gold pieces.
You spent 202 gold pieces at shops.

Inventory:

Hand Weapons
 a - a +0 hand axe (weapon)
Armour
 b - a +0 animal skin (worn)
 j - a +0 leather armour
 l - a +1 pair of gloves of dexterity (worn)
Scrolls
 i - a scroll of blinking
Potions
 d - a potion of curing
 e - a potion of heal wounds
 f - 2 potions of haste
 g - 2 potions of magic
 h - a potion of berserk rage
Comestibles
 c - a bread ration
 k - 2 chunks of flesh


   Skills:
 - Level 3.6(3.0) Fighting
 + Level 16.3(15.5) Axes
 - Level 2.4(1.8) Armour
 - Level 2.1(1.6) Dodging


You had 5 spell levels left.
You didn't know any spells.

Dungeon Overview and Level Annotations

Branches:
Dungeon (1/1)

Altars:
Cheibriados
Dithmenos
Elyvilon
Fedhas
Gozag
Hepliaklqana
Kikubaaqudgha
Nemelex Xobeh
Okawaru
Qazlal
Ru
Sif Muna
Trog
Uskayaw
Vehumet
Wu Jian
Yredelemnul
Zin
The Shining One

Shops:
D [

Annotations:
D Sonja


Innate Abilities, Weirdness & Mutations

You reflexively headbutt those who attack you in melee.
You have a pair of horns on your head.


Message History

You are more poisoned.
You have difficulty breathing.
You feel as though you will be slow longer.
There is an open door here.
You see here 2 curare-tipped needles.
You're still recovering from your berserk rage.
You feel very sick.
Sonja mumbles some strange words.
Sonja blinks!
Sonja unwields an uncursed blowgun.
Sonja wields an uncursed short sword of draining.
You sense an unholy aura.
Sonja hits you with an uncursed short sword of draining.
* * * LOW HITPOINT WARNING * * *
You feel drained.
Sonja hits you with an uncursed short sword of draining.
* * * LOW HITPOINT WARNING * * *
You feel drained.
* * * LOW HITPOINT WARNING * * *
Sonja hits you with an uncursed short sword of draining!
You die...

#..').#..'..#..+
#..#####'#####'#
#..####..#...#.#
#..#__####..##)#
#..#_____##'#_.+
#⌠⌠#_.∩...'..._#
####_..__##_.#+#
#_____###K#
####### #@#
+$.$+ #$§$#
##.## #+#


You could see Sonja.

Vanquished Creatures
  Sigmund (D)
  A yak (D)
  An ogre (D)
  A jelly (D)
  Ijyb (D)
5 creatures vanquished.

Notes
Turn   | Place    | Note
-------+----------+-------------------------------------------
     0 | D        | JiminyCricket the Minotaur Berserker began the quest for the Orb.
     0 | D        | Reached XP level 1. HP: 19/19 MP: 0/0
     1 | D        | Noticed Ijyb
     7 | D        | Killed Ijyb
     7 | D        | Reached skill level 7 in Axes
     7 | D        | Reached XP level 2. HP: 26/26 MP: 1/1
    13 | D        | Noticed an ogre
    18 | D        | Killed an ogre
    18 | D        | Reached skill level 11 in Axes
    18 | D        | Reached XP level 3. HP: 18/31 MP: 2/2
    18 | D        | Reached XP level 4. HP: 23/39 MP: 3/3
   139 | D        | Noticed Sigmund
   145 | D        | Killed Sigmund
   145 | D        | Reached ** piety under Trog
   145 | D        | Reached skill level 14 in Axes
   145 | D        | Reached XP level 5. HP: 41/45 MP: 4/4
   262 | D        | Found an ornate altar of the Wu Jian Council.
   262 | D        | Found a deep blue altar of Sif Muna.
   264 | D        | Found a radiant altar of Vehumet.
   266 | D        | Reached XP level 6. HP: 39/51 MP: 5/5
   290 | D        | Found Anweg's Antique Armour Emporium.
   290 | D        | Found an ancient bone altar of Kikubaaqudgha.
   290 | D        | Found a hazy altar of Hepliaklqana.
   290 | D        | Found a stormy altar of Qazlal.
   290 | D        | Found a hide-covered altar of Uskayaw.
   290 | D        | Found a blossoming altar of Fedhas.
   290 | D        | Found a bloodstained altar of Trog.
   290 | D        | Found an iron altar of Okawaru.
   290 | D        | Found a basalt altar of Yredelemnul.
   290 | D        | Found a glowing golden altar of the Shining One.
   290 | D        | Found a snail-covered altar of Cheibriados.
   290 | D        | Found a sacrificial altar of Ru.
   290 | D        | Found a glowing silver altar of Zin.
   290 | D        | Found a shadowy altar of Dithmenos.
   290 | D        | Found a white marble altar of Elyvilon.
   290 | D        | Noticed a yak
   297 | D        | Killed a yak
   297 | D        | Reached skill level 16 in Axes
   298 | D        | Found an opulent altar of Gozag.
   299 | D        | Found a sparkling altar of Nemelex Xobeh.
   303 | D        | Bought a pair of embroidered gloves for 202 gold pieces
   318 | D        | Noticed Sonja
   320 | D        | Slain by Sonja

Vault maps used:
D:        dungeon_sprint_1

Skill      XL: |  1  2  3  4  5  6 |
---------------+-------------------+-----
Axes           | 7 11 14 16 | 16.3
Fighting       | |  3.6
Armour         | |  2.4
Dodging        | |  2.1

Action                   |  1- 3 |  4- 6 || total
-------------------------+-------+-------++-------
Melee: Hand axe          |     9 |     9 ||    18
       Headbutt          |     2 |     4 ||     6
Invok: Berserk           |     1 |     2 ||     3
  Eat: Chunk             |       |     1 ||     1
Dodge: Dodged            |     6 |     4 ||    10
